Map: Eternal Empire LE

Players

SortOf - Winner!

  • Race: Zerg Zerg
  • Spawn Location: 7:00

SKillous

  • Race: Protoss Protoss
  • Spawn Location: 1:00

Event: StayAtHomestory Cup #1

VOD

Have the link to the VOD?

Description

Time

  • Played on: April 10, 2020, 1 p.m.
  • Length: 12:42

All games in this series

Show
View Real Time Build Order
Export as new Build Order

SortOf Zerg - Winner!

Build Orders: Hatch First, Lurkers 

Get SALT Encoding   

  12  0:01  Drone  
  13  0:12  Overlord  
  13  0:17  Drone  
  14  0:32  Drone x2  
  16  0:49  Hatchery  
  15  0:54  Drone  
  16  0:57  Drone  
  16  0:59  Drone  
  18  1:12  Extractor  
  18  1:15  Spawning Pool  
  18  1:18  Drone  
  17  1:21  Drone  
  18  1:29  Drone  
  19  1:39  Drone  
  20  1:48  Hatchery  
  20  1:51  Drone  
  20  2:03  Queen  
  20  2:04  Zergling x2  
  23  2:11  Overlord  
  23  2:17  Queen  
  23  2:21  Drone  
  26  2:25  Drone  
  26  2:28  Drone  
  28  2:30  Drone  
  28  2:33  Drone  
  30  2:39  Zergling x2  
  30  2:42  Queen  
  33  2:48  Drone x2  
  34  2:57  Drone  
  35  3:03  Metabolic Boost  
  35  3:04  Overlord  
  35  3:05  Queen  
  35  3:08  Zergling x2  
  35  3:12  Zergling x4  
  40  3:16  Drone  
  41  3:22  Overlord  
  41  3:23  Drone x2  
  43  3:29  Overlord  
  43  3:30  Drone x2  
  43  3:42  Drone x5  
  43  3:47  Drone  
  43  3:48  Overlord  
  48  3:54  Spore Crawler  
  48  3:55  Drone x4  
  51  3:59  Spore Crawler  
  51  4:00  Spore Crawler  
  49  4:06  Drone  
  49  4:09  Drone  
  51  4:12  Zergling x4  
  51  4:16  Drone x5  
  57  4:25  Drone x4  
  57  4:27  Overlord  
  61  4:32  Queen  
  61  4:34  Lair  
  61  4:36  Drone  
  64  4:39  Drone x2  
  66  4:48  Overlord  
  66  4:51  Extractor  
  66  4:52  Drone, Roach Warren  
  65  4:54  Extractor  
  65  4:55  Extractor, Drone  
  65  4:56  Drone x2  
  66  5:01  Overlord  
  66  5:02  Overlord  
  66  5:06  Evolution Chamber  
  65  5:07  Drone x8  
  73  5:14  Drone  
  73  5:20  Drone x4  
  73  5:21  Extractor x2, Drone x3  
  77  5:31  Zerg Missile Weapons Level 1  
  77  5:33  Drone  
  77  5:35  Drone x3, Infestation Pit  
  79  5:36  Drone  
  79  5:38  Glial Reconstitution  
  79  5:42  Roach x2  
  85  5:47  Hatchery  
  84  5:52  Overlord  
  84  5:53  Overlord  
  84  5:55  Roach x2  
  88  6:02  Overlord  
  88  6:03  Overlord  
  87  6:08  Spore Crawler  
  87  6:09  Queen x2  
  87  6:11  Queen, Pathogen Glands  
  90  6:14  Spore Crawler  
  85  6:21  Spore Crawler  
  85  6:22  Drone x3  
  85  6:23  Drone x4  
  89  6:28  Spore Crawler  
  89  6:31  Drone x2  
  90  6:35  Hydralisk Den  
  90  6:37  Infestor x2  
  90  6:39  Infestor  
  93  6:45  Queen x2  
  97  6:53  Spore Crawler  
  96  6:54  Spore Crawler  
  96  6:55  Infestor x2  
  96  6:56  Drone x2  
  96  6:58  Drone  
  97  7:02  Roach x2  
  97  7:06  Roach x3  
  106  7:11  Hive  
  106  7:14  Drone x4  
  108  7:19  Drone  
  108  7:20  Unknown  
  108  7:23  Queen  
  108  7:27  Lurker Den, Muscular Augments  
  108  7:30  Drone x2  
  108  7:32  Drone  
  111  7:39  Drone x3, Overlord  
  111  7:42  Hydralisk x3  
  120  7:44  Zerg Missile Weapons Level 2  
  120  7:46  Overlord  
  120  7:51  Overlord x2  
  120  8:04  Queen  
  121  8:07  Overlord  
  121  8:08  Hydralisk x5  
  121  8:12  Zergling x6  
  132  8:13  Overseer  
  132  8:20  Hydralisk x3  
  138  8:28  Lurker x3  
  138  8:31  Seismic Spines  
  140  8:34  Drone x2  
  140  8:36  Overlord  
  140  8:38  Grooved Spines  
  140  8:40  Lurker  
  140  8:41  Hydralisk x2  
  141  8:43  Hatchery  
  141  8:45  Overlord  
  144  8:48  Hydralisk  
  144  8:49  Hydralisk x2  
  144  8:52  Lurker  
  149  9:07  Hydralisk x7  
  149  9:09  Zergling x8  
  163  9:15  Zergling x10, Lurker  
  169  9:28  Adaptive Talons  
  169  9:29  Hydralisk  
  169  9:34  Overlord  
  164  9:44  Hydralisk x6  
  147  9:47  Hydralisk x4  
  147  9:48  Hydralisk  
  147  9:52  Zergling x6  
  134  9:55  Zergling x4  
  134  9:58  Zergling x2  
  131  10:02  Zergling x4  
  131  10:03  Zergling x2  
  132  10:07  Zergling x10  
  132  10:09  Zergling x2  
  132  10:10  Hydralisk  
  124  10:15  Zergling x6  
  123  10:24  Hydralisk x3  
  123  10:26  Hydralisk  
  124  10:35  Lurker x4  
  127  10:38  Drone  
  127  10:39  Drone x2  
  127  10:41  Drone x2  
  132  10:44  Lurker  
  132  10:45  Lurker  
  134  10:51  Hydralisk x2  
  134  10:54  Lurker  
  134  10:55  Drone x3  
  142  10:57  Overseer  
  142  11:02  Overseer  
  142  11:03  Lurker  
  143  11:08  Drone x2  
  143  11:09  Hydralisk x2, Overlord  
  143  11:10  Hydralisk  
  151  11:20  Overlord  
  151  11:22  Drone x3  
  151  11:24  Extractor  
  153  11:28  Spore Crawler, Lurker x3  
  153  11:29  Lurker  
  153  11:31  Zergling x2, Hydralisk  
  153  11:32  Zergling x10  
  164  11:39  Spore Crawler  
  160  11:47  Hydralisk x6  
  172  11:57  Zergling x18  
  172  11:58  Viper  
  172  12:00  Lurker  
  185  12:09  Overseer  
  185  12:15  Hydralisk x6  
Show
View Real Time Build Order
Export as new Build Order

SKillous Protoss 

Build Orders: 1 Gate Expand, Oracle Opening, Phoenix Opening, Mass Phoenix 

Get SALT Encoding   

  12  0:00  Probe  
  13  0:13  Probe  
  14  0:19  Pylon  
  14  0:25  Probe  
  14  0:27  Assimilator  
  15  0:38  Probe (Chrono Boost)  
  16  0:43  Gateway  
  16  0:47  Probe (Chrono Boost)  
  17  0:52  Probe (Chrono Boost)  
  18  1:04  Probe  
  19  1:16  Probe  
  20  1:24  Nexus  
  20  1:33  Cybernetics Core  
  20  1:36  Probe  
  21  1:42  Assimilator  
  21  1:48  Probe  
  21  1:51  Pylon  
  22  2:00  Probe  
  23  2:06  Adept (Chrono Boost)  
  23  2:12  Probe  
  23  2:14  Stargate  
  26  2:21  Warp Gate  
  26  2:24  Probe (Chrono Boost)  
  26  2:29  Adept  
  29  2:36  Probe (Chrono Boost)  
  31  2:38  Probe (Chrono Boost)  
  32  2:44  Probe (Chrono Boost)  
  32  2:45  Probe (Chrono Boost)  
  32  2:50  Probe (Chrono Boost)  
  32  2:51  Probe  
  35  2:59  Adept  
  35  3:02  Probe  
  35  3:03  Probe  
  35  3:04  Phoenix (Chrono Boost)  
  41  3:09  Pylon  
  41  3:14  Probe  
  41  3:19  Probe  
  43  3:22  Oracle (Chrono Boost)  
  43  3:23  Assimilator  
  43  3:26  Assimilator  
  46  3:27  Probe  
  46  3:31  Probe  
  48  3:39  Probe (Chrono Boost)  
  47  3:44  Stargate  
  46  3:48  Probe (Chrono Boost)  
  46  3:49  Pylon  
  46  3:51  Probe (Chrono Boost)  
  47  3:57  Probe (Chrono Boost), Gateway  
  47  3:58  Probe (Chrono Boost)  
  47  4:01  Pylon  
  49  4:03  Phoenix (Chrono Boost)  
  49  4:06  Probe  
  49  4:08  Probe  
  53  4:11  Adept  
  55  4:18  Probe  
  55  4:20  Probe  
  57  4:26  Phoenix (Chrono Boost)  
  62  4:35  Phoenix (Chrono Boost)  
  61  4:38  Nexus  
  61  4:44  Pylon  
  61  4:51  Probe  
  61  4:52  Probe  
  63  4:53  Phoenix (Chrono Boost)  
  63  4:54  Phoenix (Chrono Boost)  
  65  5:02  Sentry x2  
  65  5:06  Shield Battery  
  69  5:07  Probe  
  69  5:09  Probe  
  69  5:12  Phoenix (Chrono Boost)  
  73  5:14  Phoenix (Chrono Boost)  
  74  5:22  Probe  
  74  5:23  Probe  
  74  5:24  Robotics Facility  
  74  5:27  Forge  
  76  5:34  Probe  
  77  5:35  Probe  
  77  5:41  Pylon  
  78  5:48  Phoenix (Chrono Boost)  
  78  5:50  Phoenix, Probe  
  78  5:51  Probe x2  
  78  5:54  Pylon  
  85  6:02  Probe  
  85  6:03  Probe  
  87  6:12  Probe  
  87  6:13  Immortal (Chrono Boost)  
  87  6:14  Probe  
  92  6:18  Probe  
  92  6:19  Stalker x2  
  92  6:23  Pylon  
  92  6:24  Assimilator  
  92  6:25  Probe  
  97  6:26  Probe  
  97  6:28  Protoss Ground Weapons Level 1 (Chrono Boost)  
  97  6:30  Probe  
  99  6:35  Pylon, Twilight Council  
  99  6:37  Probe  
  99  6:38  Probe  
  99  6:39  Pylon, Assimilator  
  101  6:42  Probe  
  102  6:49  Immortal (Chrono Boost)  
  104  7:06  Blink (Chrono Boost)  
  106  7:10  Gateway  
  106  7:11  Gateway  
  106  7:15  Gateway  
  102  7:16  Gateway x3  
  102  7:18  Immortal (Chrono Boost)  
  106  7:27  Stalker x2  
  110  7:31  Gateway  
  110  7:33  Gateway, Photon Cannon  
  110  7:34  Pylon  
  110  7:50  Warp Prism (Chrono Boost)  
  112  7:55  Stalker x2  
  112  7:58  Pylon  
  116  8:00  Pylon  
  116  8:05  Stalker  
  118  8:09  Stalker  
  118  8:11  Pylon  
  120  8:19  Stalker x4  
  128  8:20  Stalker x2  
  128  8:26  Protoss Ground Weapons Level 2 (Chrono Boost), Observer (Chrono Boost)  
  133  8:41  Stalker x4  
  133  8:45  Stalker x4  
  149  8:49  Pylon  
  149  8:55  Charge  
  149  8:58  Stalker x2  
  153  9:14  Stalker x8  
  153  9:16  Probe x2  
  160  9:40  Stalker x7  
  115  9:53  Stalker x3  
  115  9:56  Observer (Chrono Boost)  
  107  10:08  Stalker x6  
  107  10:13  Stalker  
  107  10:17  Stalker x2  
  101  10:24  Stalker  
  101  10:27  Probe  
  86  10:33  Stalker x5  
  94  10:39  Templar Archives  
  94  10:40  Warp Prism (Chrono Boost)  
  96  10:54  Nexus  
  96  10:56  Pylon  
  96  11:03  Zealot x3  
  102  11:08  Zealot x2  
  106  11:19  Zealot x4  
  114  11:26  High Templar x2  
  114  11:28  Observer (Chrono Boost)  
  114  11:30  Archon  
  114  11:31  High Templar x4  
  126  11:35  Archon x2  
  126  11:40  High Templar  
  126  11:41  High Templar  
  126  11:42  Zealot x2  
  126  11:46  Archon  
  134  11:55  Nexus  
  134  11:58  Pylon  
  134  11:59  Zealot x3  
  140  12:03  Zealot x2  
  120  12:17  Zealot x4  
  120  12:18  Zealot  
  120  12:19  Observer  
  119  12:24  Zealot x3  
Tags
 
Add a new tag
Caveats
  • Supply blocks, unpowered buildings, or Contaminate may cause inaccurate times.
  • Supply counts are checked every 10 seconds.